 BcadrenCrawl: Boulder Brew version 0.03.2.1-27-g9e5655dcad (webtiles) character file.

Game seed: 16664235057304337396, levelgen mode: deterministic

332916 esc the Warrior (level 21, -4/217 HPs) Minotaur Noble. Began on Jan 17, 2021. Was the Champion of Okawaru. Slain by a tentacled starspawn (8 damage) ... summoned by a glowing orange brain ... on level 1 of the Abyss. The game lasted 02:24:46 (30727 turns).

esc the Warrior (Minotaur Noble)                   Turns: 30727, Time: 02:24:47

Health: -4/217     AC: 42    Str: 31      XL:     21 ^: 94849
Magic:  14/27      EV: 12    Int:  6 (7)  God:    Okawaru [6* [200]]
Gold:   4271       SH: 24    Dex: 22      Spells: 22/22 levels left

rFire    . . .     Vision   .   c - +9 demon whip (freeze)
rCold    + + +     Gourm    .   x - +10 heater shield "Liby" {Str+3, (Curse: *Drain)} (curse)
rNeg     . . .     Faith    .   d - +4 iron troll leather {rC+}
rPois    +         Spirit   .   A - +2 hat {rC+}
rElec    .         Reflect  .   W - +2 cloak {+Inv}
rCorr    .         Harm     .   n - +1 pair of gloves "Zatwef" {rPois MR+ Str+2}
MR       ++...     Rnd*Tele +   M - +2 pair of boots {rC+}
Stlth    ..........             v - amulet of Vitality {Regen+ HP+15}
HPRegen  1.62/turn              P - ring of Robustness {AC+8 Str+5, (Curse: *Drain)} (curse)
MPRegen  0.37/turn              a - ring "Ugedudya" {EV+5 Dex+8}

@: about to teleport, marked, corroded, lightly drained
A: retaliatory headbutt, horns 2, clumsy 1, deterioration 1, screaming 1, shaggy
fur 1, teleportitis 1, weak 1, evolution 1
}: 1/15 runes: gossamer
a: Heroism, Finesse, Renounce Religion, Evoke Invisibility


You were on level 1 of the Abyss.
You worshipped Okawaru.
Okawaru was exalted by your worship.
You were not hungry.

You visited 6 branches of the dungeon, and saw 27 of its levels.
You visited the Abyss 3 times.
You also visited: Ice Cave and Market.

You collected 7211 gold pieces.
You spent 3940 gold pieces at shops.

Inventory:

Weapons
 c - a +9 demon whip of freezing (weapon) Shields
 x - the cursed +10 heater shield "Liby" (shield) {Str+3, (Curse: *Drain)}
   (You found it on level 5 of the Dungeon)

   Base shield rating: 8 Skill to remove penalty: 3.0 It affects your strength
   (+3).
   It has a curse placed upon it.
   { (Curse: *Drain)}
 G - the cursed +6 heater shield "Jiseorr" {*Drain rElec Str+7 Stlth+, (Curse: *Contam)}
   (You found it on level 1 of the Shoals)

   Base shield rating: 8 Skill to remove penalty: 3.0 It affects your strength
   (+7).
   It insulates you from electricity.
   It causes draining when unequipped.
   It makes you more stealthy.
   It has a curse placed upon it.
   { (Curse: *Contam)}
Armour
 d - a +4 iron troll leather of cold resistance (worn)
 n - the +1 pair of gloves "Zatwef" (worn) {rPois MR+ Str+2}
   (You found it on level 4 of the Dungeon)

   It affects your strength (+2).
   It protects you from poison.
   It affects your resistance to hostile enchantments.
 u - the +1 pair of gloves "Botikuypn" {rF+ rC+ rCorr Int+3}
   (Okawaru gifted it to you on level 1 of the Vaults)

   It affects your intelligence (+3).
   It protects you from fire.
   It protects you from cold.
   It provides partial protection from all sources of acid and corrosion.
 A - a +2 hat of cold resistance (worn)
 B - a +0 cloak of poison resistance
 M - a +2 pair of boots of cold resistance (worn)
 W - a +2 cloak of invisibility (worn)
Jewellery
 a - the ring "Ugedudya" (right hand) {EV+5 Dex+8}
   (You bought it in a shop on level 4 of the Shoals)

   [ring of evasion]

   It affects your evasion (+5).
   It affects your dexterity (+8).
 v - the amulet of Vitality (around neck) {Regen+ HP+15}
   (You took it off a harpy on level 3 of the Shoals)

   [amulet of regeneration]

   It affects your health (+15).
   It increases your rate of regeneration.
 P - the cursed ring of Robustness (left hand) {AC+8 Str+5, (Curse: *Drain)}
   (You took it off an orc warrior on level 2 of the Orcish Mines)

   [ring of strength]

   It affects your AC (+8).
   It affects your strength (+5).
   It has a curse placed upon it.
   { (Curse: *Drain)}
Wands
 e - a wand of clouds (2)
 j - a wand of hasting (24)
 l - a wand of ensnaring (7)
 q - a wand of flame (19)
 w - a wand of acid (10)
 y - a wand of random effects (33)
 E - a wand of polymorph (12)
 F - a wand of scattershot (9)
 N - a wand of enslavement (8)
 T - a wand of iceblast (4)
 V - a wand of disintegration (29)
Scrolls
 m - 4 scrolls of fear
 t - 2 scrolls of summoning
 z - 4 scrolls of fog
 D - 7 scrolls of magic mapping
 J - 10 scrolls of teleportation
 O - a scroll of holy word
 S - a scroll of bless item
 U - 2 scrolls of silence
Potions
 g - 3 potions of heal wounds
 h - 8 potions of haste
 i - 3 potions of berserk rage
 k - 4 potions of magic
 o - 16 potions of curing
 p - 9 potions of might
 s - 7 potions of cancellation
 C - a potion of resistance
 K - 5 potions of agility
 Q - 5 potions of lignification
 R - 4 potions of invisibility
Miscellaneous
 H - a phantom mirror
 L - a lantern of shadows
 X - a fan of gales
 Y - a lightning rod (4/4)
Comestibles
 b - 49 rations
 f - 7 chunks of flesh


   Skills:
 + Level 20.5(20.3) Fighting
 + Level 20.4(20.2) Whips & Flails
 + Level 20.4(20.2) Armour
 - Level 6.0(5.8) Dodging
 - Level 0.7(0.6) Stealth
 + Level 18.3(18.1) Shields
 - Level 1.0(0.8) Spellcasting
 - Level 10.0(9.8) Invocations
 - Level 6.0(5.8) Evocations


You had 22 spell levels left.
You didn't know any spells.
Your spell library contained the following spells:

 Spells                   Type           Power        Failure   Level  Hunger
 Flame Tongue             Fire           0 (30)       65%         1    ##.....
 Magic Candle             Hex/Fire       0 (90)       65%         1    ##.....
 Blink                    Tloc           N/A          80%         2    ###....
 Call Imp                 Summ           0 (100)      80%         2    ###....
 Corpse Rot               Tmut/Necr      N/A          80%         2    ###....
 Slow                     Hex            0 (100)      80%         2    ###....
 Sublimation of Blood     Necr           0 (200)      80%         2    ###....
 Conjure Flame            Fire           0 (100)      95%         3    ####...
 Inner Flame              Hex/Fire       0 (100)      95%         3    ####...
 Mephitic Cloud           Pois/Air       0 (100)      95%         3    ####...
 Portal Projectile        Chrm/Tloc      0 (50)       95%         3    ####...
 Recall                   Summ/Tloc      N/A          95%         3    ####...
 Animate Dead             Necr           N/A          100%        4    #####..
 Cause Fear               Hex            0 (200)      100%        4    #####..
 Leda's Liquefaction      Tmut/Erth      0 (200)      100%        4    #####..
 Bolt of Draining         Necr           0 (200)      100%        5    ######.
 Bolt of Magma            Fire/Erth      0 (200)      100%        5    ######.
 Excruciating Wounds      Chrm/Necr      0 (200)      100%        5    ######.
 Iskenderun's Battlesphe  Chrm/Erth      0 (100)      100%        5    ######.
 Silence                  Hex/Air        0 (200)      100%        5    ######.
 Summon Lightning Spire   Summ/Air       0 (100)      100%        5    ######.
 Agony                    Necr           0 (180)      100%        6    #######
 Bolt of Fire             Fire           0 (200)      100%        6    #######
 Borgnjor's Vile Clutch   Necr/Erth      0 (200)      100%        6    #######
 Cigotuvi's Degeneration  Tmut/Necr      0 (200)      100%        6    #######
 Conjure Ball Lightning   Air            0 (200)      100%        6    #######
 Death Channel            Chrm/Necr      0 (200)      100%        6    #######
 Deflect Missiles         Chrm/Air       0 (200)      100%        6    #######
 Iron Shot                Erth           0 (200)      100%        6    #######
 Simulacrum               Ice/Necr       0 (200)      100%        6    #######
 Statue Form              Tmut/Erth      0 (150)      100%        6    #######
 Tunneling                Erth           0 (200)      100%        6    #######
 Dragon Form              Tmut           0 (200)      100%        7    #######
 Iskenderun's Icy Sphere  Ice            0 (200)      100%        7    #######
 Spellforged Servitor     Summ           0 (200)      100%        7    #######
 Dragon's Call            Summ           0 (200)      100%        9    #######
 Shatter                  Erth           0 (200)      100%        9    #######
 Tornado                  Air            0 (200)      100%        9    #######


Dungeon Overview and Level Annotations

Branches:
Dungeon (8/8)              Temple (0/1) D:4            Lair (6/6) D:5
 Shoals (4/4) Lair:2       Spider (4/4) Lair:3        Slime (0/5) Lair:6
    Orc (2/2) D:6             Elf (0/3) Orc:2        Vaults (3/5) D:7
  Crypt (0/3) Vaults:3     Depths (0/5) D:8           IceCv (visited)

Altars:
Ashenzari
Cheibriados
Elyvilon
Hepliaklqana
Kikubaaqudgha
Nemelex Xobeh
Okawaru
Ru
Sif Muna
Xom
Yredelemnul
The Shining One
Beogh
Jiyva

Shops:
Orc:2 (}=   Shoals:4 =   Vaults:1 [   Vaults:3 =

Annotations:
D:4 3 runed translucent doors, SamuraiZach's ghost, novice LiDs
Lair:4 exclusion: 4 oklob plants
Shoals:1 3 runed translucent doors
Shoals:4 Mara


Innate Abilities, Weirdness & Mutations

You reflexively headbutt those who attack you in melee.
You have a pair of horns on your head.
You are clumsy. (Dex -2)
Your body sometimes deteriorates upon taking damage.
You occasionally shout uncontrollably at your foes.
You are covered in fur. (AC +1)
You are occasionally teleported next to monsters.
You are weak. (Str -2)
You evolve.


Message History

* * * LOW HITPOINT WARNING * * *
The green very ugly thing seems to regain its courage.
You block the thrashing horror's attack.
The thrashing horror tramples you but does no damage.
You block the thrashing horror's attack.
The thrashing horror tramples you but does no damage.
Something hits you (25)!!
* * * LOW HITPOINT WARNING * * *
You feel your power leaking away.
The flying skull hits you but does no damage.
The gibbering mound gibbers a loud, echoing eldritch prayer!
The thrashing horror tramples you but does no damage. x2
The thrashing horror barely misses you (0).
You block the thrashing horror's attack.
A chorus of shrieks assaults your mind.
* * * LOW HITPOINT WARNING * * *
A starcursed mass splits.
The tentacled starspawn bites you but does no damage.
The tentacled starspawn engulfs you (8)!
You die...

#.....X.$.. .#
.##.#........
.# #X.##u.
.....u #
#X##.#+#u#
##...
X#.#.#...u#
XX.#...#..#
..#XL.XX2J#
.#....{#X{#
....§wX@XX#
.##..wzR#ww#
...###hx####.#
##..##.z#
%....
#....Xz##
...##
.......#.
..#..# ... ..#
. ...#... .#.
. ..#....


You could see 4 starcursed masses, an ancient lich, 3 very ugly things, 3
tentacled starspawn, a balrug, a rakshasa, a hell hog, 2 thrashing horrors, a
large abomination, a gibbering mound, a small abomination, 4 starspawn tentacles
and 3 flying skulls.

Vanquished Creatures
  Mennas (Vaults:2)
  Saint Roka (Vaults:2)
  Nikola (Spider:1)
  Arachne (Spider:4)
  2 liches
  Donald (Vaults:1)
  Circe (Spider:2)
  A tentacled starspawn (Abyss:3)
  4 frost giants
  Louise (D:7)
  4 vault wardens
  3 deep elf sorcerers (Vaults:2)
  6 ironheart preservers
  2 bone dragons (Abyss:3)
  2 ghost moths (Spider:4)
  3 entropy weavers
  4 deep elf demonologists
  An entropy weaver (shapeshifter) (Vaults:1)
  2 merfolk javelineers
  Azrael (D:7)
  3 gibbering mounds
  A tentacled monstrosity (Abyss:3)
  A deep elf annihilator (Vaults:1)
  A spark wasp (Spider:4)
  The ghost of Amuaxidi the Fencer, an adept FoCK of Xom (Shoals:1)
  An ice dragon (Vaults:1)
  A chaos butterfly (Spider:1)
  5 merfolk avatars (Shoals:4)
  Josephine (D:8)
  9 emperor scorpions
  2 mummy priests (Lair:1)
  3 rakshasas
  2 death knights
  A deep troll earth mage (Vaults:1)
  A sphinx moth (Spider:1)
  2 great orbs of eyes
  A deep troll shaman (Vaults:1)
  2 satyrs
  3 boulder beetles
  2 large abominations (Abyss:3)
  The ghost of Lanoc the Aspect of Ouroboros, a journeyman DrDs of Bahamut & Tiamat (D:7)
  Gammafunk (Vaults:3)
  3 merfolk impalers
  4 stone giants
  Urug (Lair:4)
  6 ogre magi
  2 merfolk aquamancers
  2 swooping magpies
  3 deep elf knights (Vaults:1)
  2 yaktaur captains
  2 ettins
  An orc high priest (Orc:2)
  An alligator snapping turtle (Shoals:4)
  A thrashing horror (Abyss:3)
  4 unseen horrors
  A tengu warrior (D:8)
  4 vault guards (D:7)
  9 hydras
  25 two-headed ogres
  4 wretched stars (Abyss:3)
  2 fire crabs (Shoals:4)
  8 deep elf archers
  14 orc knights
  16 harpies
  2 shadow wraiths (Abyss:3)
  21 fauns
  A skeletal warrior (D:6)
  2 flayed ghosts
  7 ironbrand convokers
  6 deep trolls (Vaults:1)
  3 wizards
  13 centaur warriors
  2 death yaks
  Pikel (D:3)
  8 deep elf magi
  4 spatial maelstroms
  5 orc sorcerers
  2 necromancers
  16 giraffes
  16 orb spiders
  13 manticores
  2 worldbinders (Abyss:3)
  6 merfolk sirens
  6 sea snakes
  A rock worm (Spider:1)
  2 moths of wrath
  A smoke demon (Abyss:3)
  Maurice (D:4)
  2 gargoyles
  4 water nymphs
  16 ugly things
  A black mamba (shapeshifter) (D:8)
  6 starcursed masses (Abyss:2)
  4 black mambas
  A troll (shapeshifter) (D:8)
  A boulder beetle zombie (Lair:1)
  5 vault sentinels
  5 freezing wraiths
  21 spiny frogs
  Maggie (D:4)
  3 kobold demonologists (D:6)
  6 rime drakes
  A tengu zombie (Vaults:1)
  8 snapping turtles
  34 wolf spiders
  15 yaktaurs
  A meliai (D:7)
  7 elephants
  11 komodo dragons
  16 trolls
  4 sharks (Shoals:4)
  A small abomination (Abyss:3)
  A human zombie (Vaults:1)
  2 tengu conjurers (D:7)
  24 jumping spiders
  4 ancient zymes (Abyss:3)
  23 polar bears
  6 wind drakes
  8 raiju
  19 demonic crawlers
  10 hornets
  20 merfolk
  11 blink frogs
  6 wraiths
  A ynoxinul (Abyss:3)
  6 dream sheep
  3 neqoxecs
  Grinder (D:3)
  2 chaos elementals (Abyss:3)
  3 hippogriffs
  A hydra zombie (Lair:1)
  11 cyclopes
  3 wyverns
  9 water elementals
  7 humans (D:7)
  3 acid dragons
  4 basilisks
  5 fire elementals (D:7)
  35 tarantellas
  23 yaks
  A hog (Spider:2)
  A hungry ghost (D:6)
  5 fire bats
  5 slime creatures
  2 spatial vortices (Abyss:3)
  4 guardian mummies (Lair:1)
  2 wolf spider zombies
  86 redbacks
  17 wargs
  3 vampire mosquitoes
  Purgy (D:2)
  An insubstantial wisp (Abyss:3)
  A naga (shapeshifter) (D:8)
  An earth elemental (Abyss:3)
  A shock serpent zombie (Abyss:3)
  An entropy weaver simulacrum (Vaults:1)
  A soldier ant (D:6)
  A necrophage (D:6)
  54 orc warriors
  2 phantoms
  2 scorpions
  14 porcupines
  20 water moccasins
  15 hell hounds
  6 ice beasts
  4 sky beasts
  A fire dragon simulacrum (Abyss:3)
  An elephant zombie (Lair:1)
  A redback zombie (D:7)
  12 black bears
  A dream sheep zombie (Lair:1)
  19 ogres
  A boggart (Orc:1)
  A wolf spider simulacrum (D:8)
  23 crocodiles
  37 wolves
  A rock worm zombie (D:6)
  A komodo dragon zombie (Lair:1)
  5 big kobolds
  25 bullfrogs
  20 centaurs
  A black mamba zombie (Lair:1)
  A human skeleton (Vaults:1)
  2 harpy skeletons (D:7)
  4 howler monkeys (D:4)
  9 killer bees
  A hornet zombie (D:5)
  A quasit (D:6)
  A blink frog zombie (Lair:1)
  8 electric eels
  4 jellies
  3 hounds (D:3)
  22 orc wizards
  12 orc priests
  A hornet simulacrum (D:7)
  3 iguanas
  9 worker ants
  A wyvern skeleton (D:3)
  2 water moccasin zombies (Lair:1)
  A water moccasin skeleton (D:5)
  12 giant cockroaches
  2 bullfrog zombies
  3 porcupine zombies (Lair:1)
  11 gnolls
  2 bullfrog skeletons
  A shadow imp (D:4)
  11 adders
  21 sewer rats (D:2)
  3 white imps (D:7)
  15 cinder newts
  4 worms
  An ufetubus (Abyss:2)
  A hound skeleton (D:5)
  An ooze (D:2)
  4 dart slugs (D:1)
  5 leopard geckos
  102 orcs
  An adder skeleton (D:2)
  7 bats
  3 goblins (D:1)
  5 hobgoblins (D:1)
  12 jackals
  16 kobolds
  A quokka (D:5)
  7 ball pythons
  A bat skeleton (D:2)
  A goblin skeleton (D:2)
  A kobold skeleton (D:2)
  7 rats (D:1)
  2 butterflies
  A jellyfish (Shoals:3)
  A lurking horror (Abyss:3)
  5 plants
  A slave (D:3)
  2 starspawn tentacles
1527 creatures vanquished.

Vanquished Creatures (collateral kills)
  2 orb spiders (Spider:1)
  A moth of wrath (Spider:4)
  3 yaktaurs (Vaults:2)
  A merfolk (Shoals:3)
  A redback (Spider:2)
8 creatures vanquished.

Vanquished Creatures (others)
  An ogre mage (Vaults:2)
  A vault guard (D:7)
  2 harpies (Vaults:2)
  2 orb spiders
  A manticore (Shoals:1)
  A hellwing (Abyss:3)
  A spiny frog (Lair:6)
  A wolf spider (Spider:4)
  A yaktaur (Vaults:2)
  A polar bear (IceCv)
  A chaos elemental (Abyss:3)
  2 humans (Spider:2)
  A redback (Spider:2)
  A water moccasin (Lair:6)
  An orc priest (Orc:1)
  A giant cockroach (D:2)
  5 kobolds (D:2)
  A bush (Lair:4)
  6 butterflies (Vaults:3)
  2 fungi
  2 giant blowflies
  54 plants
  9 starspawn tentacles
  145 withered plants (D:2)
243 creatures vanquished.

Grand Total: 1778 creatures vanquished

Notes
Turn   | Place    | Note
-------+----------+-------------------------------------------
     0 | Start Ma | esc the Minotaur Noble began the quest for the Orb.
     0 | Start Ma | Reached XP level 1. HP: 16/16 MP: 1/1
     0 | Start Ma | Found Meyczy's Mashing MeleeMart.
     0 | Start Ma | Found Bopt's Auxillary Armour.
     7 | Start Ma | Bought a +0 demon whip for 600 gold pieces
    17 | Start Ma | Found Azoeciuxt's Expert Tomes.
    18 | Start Ma | Bought a +0 iron troll leather for 400 gold pieces
    36 | D:1      | esc set off with the following items: a +0 robe, a ration,
                  | a +0 demon whip, a +0 iron troll leather
    61 | D:1      | Reached skill level 1 in Whips & Flails
    61 | D:1      | Reached skill level 1 in Armour
    61 | D:1      | Reached XP level 2. HP: 16/24 MP: 2/2
    70 | D:1      | Reached XP level 3. HP: 14/29 MP: 3/3
   245 | D:1      | Reached XP level 4. HP: 36/37 MP: 4/4
   731 | D:2      | Reached XP level 5. HP: 45/45 MP: 5/5
   814 | D:2      | Found an iron altar of Okawaru.
   837 | D:2      | Became a worshipper of Warmaster Okawaru
   969 | D:2      | Reached XP level 6. HP: 52/52 MP: 6/6
  1022 | D:2      | Received a gift from Okawaru
  1023 | D:2      | Reached * piety under Okawaru
  1289 | D:2      | Reached skill level 5 in Fighting
  1331 | D:2      | Noticed Purgy
  1333 | D:2      | Killed Purgy
  1333 | D:2      | Reached skill level 5 in Whips & Flails
  1333 | D:2      | Reached skill level 5 in Armour
  1333 | D:2      | Reached XP level 7. HP: 61/61 MP: 7/7
  1632 | D:2      | Reached ** piety under Okawaru
  2084 | D:2      | Reached XP level 8. HP: 71/71 MP: 8/8
  2095 | D:2      | Found a sparkling altar of Nemelex Xobeh.
  2320 | D:3      | Found a shattered altar of Ashenzari.
  2425 | D:3      | Noticed Grinder
  2433 | D:3      | Killed Grinder
  2551 | D:3      | Noticed Pikel
  2568 | D:3      | Killed Pikel
  2568 | D:3      | Received a gift from Okawaru
  2568 | D:3      | Reached *** piety under Okawaru
  2863 | D:4      | Reached XP level 9. HP: 81/81 MP: 9/9
  2873 | D:4      | Found a shimmering altar of Xom.
  2873 | D:4      | Found a shimmering altar of Xom.
  2877 | D:4      | Found a shimmering altar of Xom.
  2877 | D:4      | Found a shimmering altar of Xom.
  2878 | D:4      | Found a shimmering altar of Xom.
  2878 | D:4      | Found a shimmering altar of Xom.
  2878 | D:4      | Found a shimmering altar of Xom.
  2879 | D:4      | Found a shimmering altar of Xom.
  2879 | D:4      | Found a shimmering altar of Xom.
  2879 | D:4      | Found a shimmering altar of Xom.
  2919 | D:4      | Found a runed translucent gate.
  2921 | D:4      | Found a runed translucent gate.
  2923 | D:4      | Found a runed translucent gate.
  2995 | D:4      | Found a staircase to the Ecumenical Temple.
  3020 | D:4      | Noticed SamuraiZach's ghost (novice LiDs)
  3057 | D:4      | Identified the +1 pair of gloves "Zatwef" {rPois MR+ Str+2}
  3168 | D:4      | Noticed Maurice
  3172 | D:4      | Killed Maurice
  3212 | D:4      | Reached **** piety under Okawaru
  3214 | D:4      | Noticed Maggie
  3222 | D:4      | Killed Maggie
  3336 | D:4      | Found a snail-covered altar of Cheibriados.
  3341 | D:4      | Reached skill level 10 in Fighting
  3387 | D:4      | Reached XP level 10. HP: 93/93 MP: 10/10
  3755 | D:5      | Entered Level 5 of the Dungeon
  3763 | D:5      | Noticed a two-headed ogre
  3774 | D:5      | Killed a two-headed ogre
  3774 | D:5      | Reached ***** piety under Okawaru
  3774 | D:5      | Reached skill level 10 in Whips & Flails
  3774 | D:5      | Reached skill level 10 in Armour
  3947 | D:5      | Received a gift from Okawaru
  4067 | D:5      | Identified the cursed +10 heater shield "Liby" {Str+3,
                  | (Curse: *Drain)}
  4098 | D:5      | Found a staircase to the Lair.
  4130 | D:5      | Reached skill level 1 in Dodging
  4146 | D:5      | Reached skill level 1 in Invocations
  4204 | D:5      | Reached skill level 1 in Evocations
  4251 | D:5      | Noticed a two-headed ogre
  4257 | D:5      | Killed a two-headed ogre
  4482 | D:5      | Found a sacrificial altar of Ru.
  4731 | Lair:1   | Entered Level 1 of the Lair of Beasts
  4821 | Lair:1   | Reached skill level 1 in Shields
  4821 | Lair:1   | Reached XP level 11. HP: 102/102 MP: 11/11
  4868 | Lair:1   | Reached ****** piety under Okawaru
  5046 | Lair:1   | Received a gift from Okawaru
  5047 | Lair:1   | Found the -2 pair of fencer's gloves {Riposte Dex+3}
  5173 | Lair:1   | Noticed a mummy priest
  5175 | Lair:1   | Noticed a jiangshi
  5192 | Lair:1   | Noticed a jiangshi
  5192 | Lair:1   | Noticed a flayed ghost
  5472 | Lair:1   | Noticed a mummy priest
  5487 | Lair:1   | Noticed a soul eater
  5507 | Lair:1   | Killed a mummy priest
  5600 | Lair:1   | Noticed a seven-headed hydra
  5609 | Lair:1   | Killed a seven-headed hydra
  5982 | Lair:1   | Killed a mummy priest
  6175 | Lair:2   | Reached XP level 12. HP: 111/111 MP: 14/14
  6196 | Lair:2   | Reached skill level 5 in Shields
  6235 | Lair:2   | Received a gift from Okawaru
  6239 | Lair:2   | Reached skill level 5 in Invocations
  6493 | Lair:2   | Found a staircase to the Shoals.
  7068 | Lair:3   | Received a gift from Okawaru
  7343 | Lair:3   | Found a hole to the Spider Nest.
  7453 | Lair:3   | Reached XP level 13. HP: 121/121 MP: 16/16
  8375 | Lair:4   | Received a gift from Okawaru
  8546 | Lair:4   | Noticed Urug
  8562 | Lair:4   | Killed Urug
  8925 | Lair:5   | Identified 2 scrolls of acquirement
  8935 | Lair:5   | Identified the ring "Goohaypu" {Wiz rPois rN+ Str+2} (You
                  | acquired it on level 5 of the Lair of Beasts)
  9350 | Lair:5   | Received a gift from Okawaru
 10112 | Lair:6   | Entered Level 6 of the Lair of Beasts
 10231 | Lair:6   | Identified the +7 trident of Resourcefulness {vamp, rPois
                  | rF+ Str+2 Dex+4}
 10253 | Lair:6   | Found a viscous altar of Jiyva.
 10253 | Lair:6   | Found a staircase to the Slime Pits.
 10520 | Lair:6   | Received a gift from Okawaru
 10520 | Lair:6   | Reached skill level 10 in Shields
 10598 | Lair:6   | Reached XP level 14. HP: 132/132 MP: 17/17
 10789 | Lair:6   | Received a gift from Okawaru
 11429 | D:6      | Found a shimmering blue altar of Sif Muna.
 11599 | D:6      | Reached skill level 15 in Fighting
 11620 | D:6      | Found a white marble altar of Elyvilon.
 11741 | D:6      | Reached skill level 15 in Armour
 11770 | D:6      | Reached skill level 15 in Whips & Flails
 11977 | D:6      | Found a staircase to the Orcish Mines.
 12144 | D:6      | Received a gift from Okawaru
 12378 | Orc:1    | Entered Level 1 of the Orcish Mines
 12625 | Orc:1    | Identified the cursed ring "Fibidav" {Ice MR- Str+2 Int-3
                  | Dex+8, (Curse: Fragile)}
 12744 | Orc:1    | Gained mutation: Your body sometimes deteriorates upon
                  | taking damage. [a neqoxec]
 13078 | Orc:2    | Entered Level 2 of the Orcish Mines
 13098 | Orc:2    | Found a staircase to the Elven Halls.
 13180 | Orc:2    | Identified the cursed ring of Wishful Thinking {rElec Str+3
                  | Stlth-, (Curse: Fragile)}
 13369 | Orc:2    | Found a roughly hewn altar of Beogh.
 13373 | Orc:2    | Identified the cursed ring of a Million Seas {Ice rElec
                  | Stlth+, (Curse: Slay-5)}
 13396 | Orc:2    | Reached XP level 15. HP: 140/140 MP: 18/18
 13495 | Orc:2    | Found Rarusm's Jewellery Shoppe.
 13495 | Orc:2    | Found Laluach's Distillery.
 13571 | Orc:2    | Gained mutation: You are weak. (Str -2) [a neqoxec]
 13597 | Orc:2    | Found a frozen archway.
 13607 | IceCv    | Entered an ice cave
 13622 | IceCv    | Received a gift from Okawaru
 13996 | IceCv    | Identified the +1 leather armour of Claustrophobia {-Tele
                  | rElec rF+ Stlth+}
 14278 | Orc:2    | Found Egulacu's Gadget Shoppe.
 14278 | Orc:2    | Found Rorus's Antique Weapon Shop.
 14281 | Orc:2    | Received a gift from Okawaru
 14408 | Orc:2    | Found a roughly hewn altar of Beogh.
 14730 | Orc:2    | Bought a potion of berserk rage for 85 gold pieces
 14730 | Orc:2    | Bought a potion of haste for 170 gold pieces
 14730 | Orc:2    | Bought a potion of haste for 170 gold pieces
 14730 | Orc:2    | Bought a potion of might for 68 gold pieces
 14730 | Orc:2    | Bought a potion of ambrosia for 136 gold pieces
 14730 | Orc:2    | Bought a potion of cancellation for 136 gold pieces
 14730 | Orc:2    | Bought a potion of curing for 51 gold pieces
 14730 | Orc:2    | Bought a potion of mutation for 136 gold pieces
 14730 | Orc:2    | Bought a potion of invisibility for 136 gold pieces
 14730 | Orc:2    | Bought a potion of lignification for 51 gold pieces
 14730 | Orc:2    | Bought a potion of lignification for 51 gold pieces
 14828 | D:7      | Found a hazy altar of Hepliaklqana.
 14929 | D:7      | Identified the cursed ring "Hycrivve" {rElec rC+ Str+5
                  | Int-3, (Curse: Fragile)}
 15036 | D:7      | Noticed Lanoc's ghost (journeyman DrDs)
 15048 | D:7      | Found a glowing golden altar of the Shining One.
 15063 | D:7      | Noticed Azrael
 15083 | D:7      | Killed Azrael
 15283 | D:7      | Found a runed translucent gate.
 15284 | D:7      | Found a runed translucent gate.
 15285 | D:7      | Found a runed translucent gate.
 15326 | D:7      | Received a gift from Okawaru
 15365 | D:7      | Found a gate to the Vaults.
 15665 | D:7      | Noticed Louise
 15684 | D:7      | Killed Louise
 16019 | D:7      | Killed Lanoc's ghost
 16074 | D:8      | Entered Level 8 of the Dungeon
 16102 | D:8      | Noticed Josephine
 16109 | D:8      | Killed Josephine
 16363 | D:8      | Received a gift from Okawaru
 16377 | D:8      | Reached XP level 16. HP: 151/151 MP: 19/19
 16483 | D:8      | Found a staircase to the Depths.
 17463 | Spider:1 | Entered Level 1 of the Spider Nest
 17926 | Spider:1 | Identified the cursed +1 pair of gloves of the Lizard
                  | {Int+4, (Curse: Fragile)}
 17926 | Spider:1 | Noticed Nikola
 17939 | Spider:1 | Killed Nikola
 18129 | Spider:1 | Received a gift from Okawaru
 18489 | Spider:2 | Reached skill level 5 in Evocations
 18716 | Spider:2 | Noticed Circe
 18733 | Spider:2 | Killed Circe
 18779 | Spider:2 | Identified the +1 scale mail of Untold Secrets {Stlth+}
 18889 | Spider:2 | Received a gift from Okawaru
 18890 | Spider:2 | Found the +8 whip "Snakebite" {curare, rPois}
 20113 | Spider:3 | Received a gift from Okawaru
 20177 | Spider:3 | Reached XP level 17. HP: 155/161 MP: 21/21
 20699 | Spider:4 | Entered Level 4 of the Spider Nest
 20979 | Spider:4 | Noticed Arachne
 21017 | Spider:4 | Killed Arachne
 21303 | Spider:4 | Identified the amulet "Quorhit" {Harm *Drain MP+9 Dex+4}
 21450 | Spider:4 | Received a gift from Okawaru
 21584 | Spider:4 | Reached skill level 15 in Shields
 21619 | Spider:4 | Got a gossamer rune of Zot
 21886 | Shoals:1 | Entered Level 1 of the Shoals
 21911 | Shoals:1 | Noticed Amuaxidi's ghost (adept FoCK)
 21912 | Shoals:1 | Found a runed translucent gate.
 21944 | Shoals:1 | Killed Amuaxidi's ghost
 21960 | Shoals:1 | Found a runed translucent gate.
 21961 | Shoals:1 | Found a runed translucent gate.
 21998 | Shoals:1 | Identified the cursed +6 heater shield "Jiseorr" {*Drain
                  | rElec Str+7 Stlth+, (Curse: *Contam)}
 22122 | Shoals:1 | Received a gift from Okawaru
 22181 | Shoals:1 | Identified the cursed +6 scale mail of Ru's Delight {Str+4
                  | Int+3, (Curse: Str-3)}
 23339 | Shoals:3 | Received a gift from Okawaru
 23539 | Shoals:3 | Reached XP level 18. HP: 170/172 MP: 22/24
 23653 | Shoals:3 | Reached skill level 5 in Dodging
 24068 | Shoals:4 | Entered Level 4 of the Shoals
 24157 | Shoals:4 | Found Zuid's Jewellery Shop.
 24248 | Shoals:4 | Bought the ring "Ugedudya" {EV+5 Dex+8} for 1260 gold
                  | pieces
 24493 | Shoals:4 | Noticed Mara
 24501 | Shoals:4 | Noticed esc's illusion
 24746 | Vaults:1 | Entered Level 1 of the Vaults
 24813 | Vaults:1 | Identified the +4 dire flail of Nuddiof {antimagic, rF+ rN+
                  | Int+2 Dex+2} (Okawaru gifted it to you on level 1 of the
                  | Vaults)
 24813 | Vaults:1 | Received a gift from Okawaru
 24817 | Vaults:1 | Noticed a Hell Sentinel
 24937 | Vaults:1 | Reached skill level 10 in Invocations
 25217 | Vaults:1 | Received a gift from Okawaru
 25748 | Vaults:1 | Identified the +1 pair of gloves "Botikuypn" {rF+ rC+ rCorr
                  | Int+3} (Okawaru gifted it to you on level 1 of the Vaults)
 25748 | Vaults:1 | Received a gift from Okawaru
 26050 | Vaults:1 | Noticed Donald
 26078 | Vaults:1 | Killed Donald
 26249 | Vaults:1 | Identified the cursed amulet of Fragile Peace {Acrobat
                  | +Blink rElec Int-3, (Curse: rC- Dex-2)}
 26492 | Vaults:1 | Noticed an Ice Fiend
 26604 | Vaults:1 | Reached XP level 19. HP: 182/183 MP: 25/25
 26716 | Vaults:1 | Found Xehen's Antique Armour Shop.
 26724 | Vaults:1 | Bought a steaming nunchaku {freeze} for 490 gold pieces
 26724 | Vaults:1 | Identified the +2 nunchaku "Hutt" {freeze, rElec rC+ Str-5
                  | Int+3} (You bought it in a shop on level 1 of the Vaults)
 26898 | Vaults:1 | Found a glowing golden altar of the Shining One.
 26951 | Vaults:2 | Noticed Saint Roka
 26973 | Vaults:2 | Killed Saint Roka
 27145 | Vaults:2 | Identified the cursed +4 targe "Peurph" {elec, rElec rC+++
                  | rN+ Str-4, (Curse: Fragile)}
 27145 | Vaults:2 | Noticed Mennas
 27235 | Vaults:2 | Killed Mennas
 27235 | Vaults:2 | Received a gift from Okawaru
 27731 | Vaults:2 | Identified the cursed amulet of Daithah {+Rage Dex+3,
                  | (Curse: Fragile rF- Soulbond)}
 27755 | Vaults:2 | Cast into level 2 of the Abyss (a deep elf sorcerer)
 27983 | Abyss:3  | HP: 6/198 [wretched star/crystal bolt (27)]
 27984 | Abyss:3  | HP: 1/198 [wretched star/crystal bolt (6)]
 28035 | Abyss:3  | Found a corrupted altar of Lugonu.
 28055 | Abyss:3  | Found a runed translucent gate.
 28055 | Abyss:3  | Found a runed translucent gate.
 28056 | Abyss:3  | Found a runed translucent gate.
 28215 | Vaults:2 | Escaped the Abyss
 28452 | Vaults:2 | Cast into level 3 of the Abyss (a deep elf demonologist)
 28638 | Abyss:3  | Gained mutation: You are clumsy. (Dex -2) [a neqoxec]
 28835 | Abyss:3  | Gained mutation: You are occasionally teleported next to
                  | monsters. [a neqoxec]
 28844 | Vaults:2 | Escaped the Abyss
 29101 | Vaults:2 | Received a gift from Okawaru
 29315 | Vaults:2 | Identified the +0 robe of Eliteddi {Int+5 Stlth-}
 29324 | Vaults:2 | Lost mutation: Your body sometimes deteriorates upon taking
                  | damage. [potion of mutation]
 29324 | Vaults:2 | Gained mutation: Your body sometimes deteriorates upon
                  | taking damage. [potion of mutation]
 29326 | Vaults:2 | Gained mutation: You are covered in fur. (AC +1) [potion of
                  | mutation]
 29327 | Vaults:2 | Gained mutation: You occasionally shout uncontrollably at
                  | your foes. [potion of mutation]
 29328 | Vaults:2 | Gained mutation: You evolve. [potion of mutation]
 29953 | Vaults:3 | Noticed Gammafunk
 29954 | Vaults:3 | Found a transporter.
 29954 | Vaults:3 | Found a transporter.
 30092 | Vaults:3 | Reached XP level 20. HP: 174/193 MP: 26/26
 30275 | Vaults:3 | Killed Gammafunk
 30317 | Vaults:3 | Reached XP level 21. HP: 202/202 MP: 27/27
 30413 | Vaults:3 | Found a staircase to the Crypt.
 30413 | Vaults:3 | Found an ancient bone altar of Kikubaaqudgha.
 30425 | Vaults:3 | Found a basalt altar of Yredelemnul.
 30519 | Vaults:3 | Found Ogaesy's Jewellery Shop.
 30700 | Vaults:3 | Cast into level 1 of the Abyss (yaktaur)
 30719 | Abyss:1  | Noticed an ancient lich
 30727 | Abyss:1  | HP: 4/217 [starcursed mass/accursed screaming (8)]
 30727 | Abyss:1  | Slain by a tentacled starspawn

Levels and vault maps discovered:
D:1:      eino_arrival_cavern_d, layout_rooms, first_ration
D:2:      layout_sewer, nemelex_xobeh_ov_fountains_minmay, okawaru_gym_becter,
          serial_column_ruins, column_ruins_hut_ruined, column_ruins_hut_ruined,
          column_ruins_grid_1, column_ruins_open_large, column_ruins_open_large,
          column_ruins_columns_corner, column_ruins_open_small,
          column_ruins_open_tiny_water, uniq_purgy
D:3:      layout_basic, evilmike_ruin_ashenzari, blue_anna_alchemist
          [blue_anna_fruit_fields, blue_anna_fruit_fields], uniq_pikel,
          uniq_grinder
D:4:      layout_basic, xom_redecorated, old_standard_altar,
          minmay_temple_entry_nine_rooms, gammafunk_ghost_nasty_kobolds,
          uniq_maurice, uniq_maggie
D:5:      layout_basic, nicolae_ru_the_path_less_chosen, lair_entry_dummy
D:6:      layout_irregular_city, bcadren_lemuel_inverted_doored_altar,
          hiddenorc1_lemuel, basic_altar
D:7:      layout_basic, nicolae_overflow_hidden_temple, old_standard_altar,
          ximxim_vaults_locker_room, minmay_holes, gammafunk_ghost_icy,
          uniq_louise, uniq_azrael
D:8:      hangedman_depths_entry_civil_slaughter, layout_layer_cave,
          chequers_serial_rivers_room_b, roderic_serpentine_path, uniq_josephine
Lair:1:   minmay_ossuary_gauntlet, layout_misc_corridors,
          chequers_ossuary_entry_cave
Lair:2:   layout_chaotic_city, elwin_shoals_entry_rocks, grunt_megastairs_3
Lair:3:   layout_loops_ring, spider_nest_entry_web_field, grunt_megastairs_5
Lair:4:   layout_concentric_octagons, lemuel_fruit_fields, serial_bayou_shore_b,
          infiniplex_staircase_pool, minmay_lair_oklob_chamber, uniq_urug
Lair:5:   layout_small_grid, serial_bayou_shore_a
Lair:6:   hangedman_lair_caniforms_friends, layout_cave_pods, slime_island
Shoals:1: layout_shoals, gammafunk_ghost_split, nicolae_shoals_this_corrosion
Shoals:2: layout_shoals
Shoals:3: layout_shoals
Shoals:4: shoals_end_grunt_garden, layout_shoals, serial_shops, shop_statue,
          hangedman_shoal_volcano, uniq_polyphemus, uniq_mara
Spider:1: layout_spider_delve, hangedman_spider_tarantella_strand, uniq_nikola
Spider:2: layout_chambers, uniq_circe
Spider:3: layout_spider_delve
Spider:4: guppyfry_spider_rune, uniq_arachne
Orc:1:    layout_diamond_mine, nicolae_orc_rockfall
Orc:2:    st_orc_town, layout_diamond_mine, portal_ice_cave_rime,
          bh_open_orc_temple
Vaults:1: hangedman_vaults_pinch, hangedman_vaults_trim,
          ontoclasm_vaults_gallery, v_misc_25, ontoclasm_vaults_spin, v_misc_32,
          ontoclasm_vaults_fault, layout_vaults_quadrants, basic_altar,
          serial_shops, shop, uniq_donald
Vaults:2: nicolae_vaults_little_squares_5, ontoclasm_vaults_twist,
          vaults_dpeg_encased_lava, hangedman_vaults_nails,
          hangedman_vaults_cutoff, nicolae_vaults_what_the_h, v_alt_pattern_1,
          v_misc_22, layout_vaults_big_room, uniq_mennas, uniq_saint_roka
Vaults:3: hangedman_vaults_locks, vaults_dpeg_diagonal,
          ontoclasm_vaults_loading_screen, v_pattern_1,
          minmay_crypt_entry_necro_gods, nicolae_vaults_sealed_display,
          v_misc_3, vaults_mumra_lcd, v_rooms_2, st_spiral_rooms,
          nicolae_vaults_shelves_hall, layout_vaults_big_cross, serial_shops,
          nicolae_shop_window_shopping, uniq_gammafunk_teleport
Abyss:1:  base:
D:8

Skill      XL: |  1  2  3  4  5  6  7  8  9 10 11 12 13 14 15 16 17 18 19 20 |
---------------+-------------------------------------------------------------+-----
Whips & Flails | 1 2 3 5 6 8 9 11 13 14 15 16 17 18 19 20 | 20.4
Armour         | 1 2 3 4 5 6 7 9 11 13 14 15 16 17 18 19 20 | 20.4
Fighting       | 2 3 4 5 6 8 10 11 12 13 14 15 16 17 18 19 20 | 20.5
Dodging        | 2 4 6 |  6.0
Invocations    | 2 4 6 7 9 10 | 10.0
Evocations     | 2 4 5 6 |  6.0
Shields        | 1 4 7 10 11 13 14 15 16 17 18 | 18.3
Stealth        | |  0.7
Spellcasting   | |  1.0

Action                   |  1- 3 |  4- 6 |  7- 9 | 10-12 | 13-15 | 16-18 | 19-21 || total
-------------------------+-------+-------+-------+-------+-------+-------+-------++-------
Melee: Demon whip        |    63 |   176 |   188 |   362 |   973 |  1177 |   499 ||  3438
       Unarmed           |    42 |   121 |   100 |    22 |       |       |       ||   285
       Headbutt          |       |     2 |    37 |   111 |   285 |   412 |   207 ||  1054
Invok: Heroism           |       |       |       |     3 |       |     3 |     3 ||     9
       Finesse           |       |       |       |       |       |     1 |     4 ||     5
Evoke: Wand              |       |       |       |       |    38 |    41 |    27 ||   106
  Use: Scroll            |       |     3 |       |     4 |     8 |     8 |     9 ||    32
       Potion            |       |     1 |       |     2 |       |     3 |    23 ||    29
 Stab: Held in net/web   |       |       |       |       |     1 |     1 |     2 ||     4
  Eat: Chunk             |       |     2 |     8 |     7 |    25 |    33 |    10 ||    85
       Ration            |       |       |       |     2 |     1 |       |     1 ||     4
Armor: Iron troll leathe |   114 |   179 |   113 |   106 |   204 |   492 |   356 ||  1564
Dodge: Dodged            |     2 |     3 |     4 |     2 |    13 |    67 |    97 ||   188
Block: Heater shield     |       |       |       |   132 |   611 |  1206 |   470 ||  2419
       Reflection        |       |       |       |       |    34 |    58 |       ||    92
